 Dungeon Crawl Stone Soup version 0.18.1-48-g4cf74bf (webtiles) character file.

545 kosy22 the Ducker (level 7, -6/67 HPs)
             Began as a Troll Monk on Aug 20, 2016.
             Mangled by an iguana (11 damage)
             ... on level 4 of the Dungeon on Aug 23, 2016.
             The game lasted 00:18:31 (2978 turns).

kosy22 the Ducker (Troll Monk)                      Turns: 2978, Time: 00:18:32

Health: -6/67      AC:  8    Str: 22    XL:     7   Next: 6%
Magic:  6/6        EV: 12    Int:  6    God:
Gold:   133        SH:  4    Dex: 12    Spells: 0 memorised, 6 levels left

rFire  . . .     SeeInvis .     t - staff of summoning (curse)
rCold  . . .     Gourm    +     a - +1 robe
rNeg   . . .     Faith    .     (no shield)
rPois  .         Spirit   .     u - +2 hat
rElec  .         Dismiss  .     (no cloak)
rCorr  .         Reflect  +     (gloves unavailable)
SustAt .         Harm     .     (boots unavailable)
MR     .....                    h - +4 amulet of reflection
Stlth  ++........               (no ring)
                                (no ring)

@: not resistant to hostile enchantments, unstealthy
A: unfitting armour, claws 3, fast metabolism 3, gourmand, regeneration 2,
shaggy fur 1, tough skin 2
a: no special abilities


You were on level 4 of the Dungeon.
You were very full.

You visited 1 branch of the dungeon, and saw 4 of its levels.
You also visited: Ossuary.

You collected 133 gold pieces.

Inventory:

Hand Weapons
 m - a +8 club
 v - a +0 vampiric hand axe
Missiles
 d - 11 throwing nets (quivered)
Armour
 a - a +1 robe (worn)
 u - a +2 hat (worn)
Magical Staves
 s - an uncursed staff of energy
 t - a cursed staff of summoning (weapon)
Jewellery
 h - a +4 amulet of reflection (around neck)
Wands
 k - a wand of iceblast (11/15)
 q - a wand of digging (1/24)
Scrolls
 n - a scroll of magic mapping
 w - a scroll of blinking
 y - a scroll of identify
Potions
 c - a potion of lignification {unknown}
 e - a potion of invisibility
 f - a potion of might
 r - a potion of berserk rage {unknown}
Comestibles
 b - 3 bread rations
 i - a beef jerky
 l - 2 meat rations
 o - 6 fruits
 p - a royal jelly


   Skills:
 + Level 3.1 Fighting
 + Level 1.1(1.5) Maces & Flails
 + Level 1.2(1.4) Staves
 + Level 0.1 Throwing
 + Level 5.2 Dodging
 + Level 1.6 Stealth
 + Level 5.0 Unarmed Combat


You had 6 spell levels left.
You didn't know any spells.

Dungeon Overview and Level Annotations

Branches:
Dungeon (4/15)
 Temple: D:4-7

Altars:
Okawaru
Pakellas
Yredelemnul


Innate Abilities, Weirdness & Mutations

You are too large for most types of armour.
You have claws for hands.
Your metabolism is lightning-fast.
You like to eat raw meat.
You heal very quickly.
You are covered in fur (AC +1).
You have very tough skin (AC +2).


Message History

You hit the iguana but do no damage.
The iguana is almost dead.
The iguana barely misses you.
You hit the iguana but do no damage.
The iguana is almost dead.
You block the iguana's attack.
You closely miss the iguana.
The iguana is almost dead.
You block the iguana's attack.
You hit the iguana.
The iguana is almost dead.
The iguana bites you.
* * * LOW HITPOINT WARNING * * *
You hit the iguana but do no damage.
The iguana is almost dead.
The iguana closely misses you.
You closely miss the iguana.
The iguana is almost dead.
The iguana bites you!
You die...

#.... #...#.##
#...#... #..
#..# #.. #..#
#.# #..# #l#
#..# ##@###..#
#.......# ..
#######.###...
##.........
#....######
######....#
#....'....+
##.###....#
#.# ###### #.#


You could see an iguana.

Vanquished Creatures
  2 centaur zombies (Ossuary)
  An orc priest (D:4)
  Ijyb (D:2)
  Terence (D:2)
  Jessica (D:3)
  Natasha (twice) (D:3)
  6 big kobold zombies (Ossuary)
  6 mummies (Ossuary)
  3 gnolls (D:3)
  3 adders
  An ooze (D:2)
  2 worms (D:2)
  A dart slug (D:2)
  11 orcs
  A ball python (D:1)
  2 giant cockroaches (D:2)
  2 goblins (D:1)
  10 hobgoblins
  3 jackals (D:1)
  9 kobolds
  A quokka (D:3)
  9 bats
  2 giant newts
  A hobgoblin zombie (Ossuary)
  8 rats
89 creatures vanquished.

Notes
Turn   | Place    | Note
--------------------------------------------------------------
     0 | D:1      | kosy22 the Troll Monk began the quest for the Orb.
     0 | D:1      | Reached XP level 1. HP: 22/22 MP: 0/0
   176 | D:1      | Reached XP level 2. HP: 29/29 MP: 1/1
   790 | D:1      | Reached XP level 3. HP: 36/36 MP: 2/2
   841 | D:2      | Noticed Ijyb
   856 | D:2      | Killed Ijyb
   942 | D:2      | Found a basalt altar of Yredelemnul.
   946 | D:2      | Noticed Terence
   954 | D:2      | Reached skill level 5 in Unarmed Combat
   954 | D:2      | Reached XP level 4. HP: 36/44 MP: 3/3
   960 | D:2      | Killed Terence
  1353 | D:2      | Reached XP level 5. HP: 50/50 MP: 4/4
  1363 | D:2      | Found an oddly glowing altar of Pakellas.
  1520 | D:3      | Noticed Jessica
  1532 | D:3      | Killed Jessica
  1539 | D:3      | Found an iron altar of Okawaru.
  1727 | D:3      | Noticed Natasha
  1732 | D:3      | Killed Natasha
  1809 | D:3      | Noticed Natasha
  1815 | D:3      | Killed Natasha
  2255 | D:4      | Found a sand-covered staircase.
  2271 | Ossuary  | Entered an ossuary
  2304 | Ossuary  | Reached XP level 6. HP: 42/59 MP: 5/5
  2436 | Ossuary  | Reached skill level 1 in Maces & Flails
  2595 | Ossuary  | Reached skill level 1 in Staves
  2616 | Ossuary  | Reached skill level 5 in Dodging
  2802 | D:4      | Reached XP level 7. HP: 18/67 MP: 6/6
  2968 | D:4      | HP: 3/67 [iguana (14)]
  2978 | D:4      | Mangled by an iguana

Skill      XL: |  1  2  3  4  5  6 |
---------------+-------------------+-----
Dodging        | 3 4 5 |  5.2
Unarmed Combat | 5 |  5.0
Maces & Flails | 1 |  1.1
Staves         | 1 |  1.2
Fighting       | 3 |  3.1
Throwing       | |  0.1
Stealth        | |  1.6

Action                   |  1- 3 |  4- 6 |  7- 9 || total
-------------------------+-------+-------+-------++-------
Melee: Unarmed           |    79 |       |       ||    79
       Club              |     7 |    86 |       ||    93
       Punch             |     1 |     9 |       ||    10
       Staff             |       |   259 |    45 ||   304
Throw: Throwing net      |       |     1 |       ||     1
  Use: Scroll            |     3 |     4 |     3 ||    10
       Potion            |       |    10 |       ||    10
 Stab: Held in net/web   |       |     4 |       ||     4
       Distracted        |       |     1 |       ||     1
       Invisible         |       |     1 |       ||     1
  Eat: Chunk             |     6 |    15 |     4 ||    25
       Bread ration      |       |     2 |       ||     2
Armor: Robe              |    75 |   155 |     5 ||   235
Dodge: Dodged            |    78 |   240 |    28 ||   346
Block: Other             |       |    38 |     8 ||    46
